 Dungeon Crawl Stone Soup version 0.30-a0-1016-gfb0d676c02 (webtiles) character file.

Game seed: 5256415271890313435

650 protoss039 the Sneak (level 7, -4/52 HPs)
             Began as a Vampire Enchanter on Apr 6, 2023.
             Slain by an ice beast (11 damage)
             ... on level 5 of the Dungeon.
             The game lasted 00:07:58 (4186 turns).

protoss039 the Sneak (Vampire Enchanter)            Turns: 4186, Time: 00:08:00

Health: -4/52      AC:  4    Str:  7    XL:     7   Next: 28%
Magic:  6/11       EV: 13    Int: 18    God:
Gold:   233        SH:  0    Dex: 16    Spells: 1/12 levels left

rFire   . . .      SeeInvis +    a - +1 dagger
rCold   . . .      Faith    .    (no shield)
rNeg    . . .      Spirit   .    b - +0 robe
rPois   +          Reflect  .    d - +1 helmet
rElec   .          Rampage  .    (no cloak)
rCorr   .                        (no gloves)
Will    .....                    (no boots)
Stlth   ++++                     q - amulet of magic regeneration
HPRegen 0.48/turn                g - ring of poison resistance
MPRegen 0.52/turn                (no ring)

@: healing quickly
A: alive, fangs 3, see invisible, vampiric 2
a: Exsanguinate


You were on level 5 of the Dungeon.
You visited 1 branch of the dungeon, and saw 5 of its levels.

You collected 233 gold pieces.

Inventory:

Hand Weapons
 a - a +1 dagger (weapon)
Missiles
 l - 6 poisoned darts (quivered)
Armour
 b - a +0 robe (worn)
 d - a +1 helmet (worn)
Jewellery
 g - a ring of poison resistance (left hand)
 q - an amulet of magic regeneration (around neck)
Scrolls
 c - a scroll of brand weapon {unknown}
 e - a scroll of teleportation {unknown}
 f - a scroll of poison {unknown}
 i - a scroll of identify
 j - a scroll of noise {unknown}
 o - a scroll of immolation {unknown}
 p - 2 scrolls of blinking
Potions
 h - 3 potions of curing
 k - 4 potions of haste
 m - a potion of magic {unknown}
 n - 2 potions of cancellation


   Skills:
 * Level 3.2 Fighting
 - Level 3.0 Short Blades
 + Level 0.2 Throwing
 + Level 3.4 Dodging
 * Level 7.3 Stealth
 + Level 3.0 Spellcasting
 + Level 0.2 Conjurations
 + Level 5.7 Hexes
 + Level 2.0 Ice Magic


You had one spell level left.
You knew the following spells:

 Your Spells              Type           Power      Damage    Failure   Level
a - Ensorcelled Hibernat  Hex/Ice        32%        N/A       4%          2
b - Confusing Touch       Hex            23%        N/A       4%          3
c - Tukima's Dance        Hex            23%        N/A       4%          3
d - Dazzling Flash        Conj/Hex       26%        N/A       14%         3

Your spell library contained the following spells:

 Spells                   Type           Power      Damage    Failure   Level
 Necrotise                Necr           8%         1d4       16%         1
 Portal Projectile        Hex/Tloc       26%        N/A       16%         3
 Static Discharge         Conj/Air       6%         2-3/arc   24%         2
 Call Canine Familiar     Summ           2%         N/A       43%         3
 Vampiric Draining        Necr           2%         2d6       43%         3
 Leda's Liquefaction      Hex/Erth       6%         N/A       45%         4
 Airstrike                Air            1%         2d(1-17)  85%         4
 Summon Lightning Spire   Summ/Air       2%         N/A       85%         4
 Agony                    Necr           2%         N/A       99%         5


Dungeon Overview and Level Annotations

Branches:
Dungeon (5/15) Zot: 25833
 Temple: D:4-7

Altars:
Xom

Shops:
D:2 (   D:5 *


Innate Abilities, Weirdness & Mutations

Your natural rate of healing is accelerated.
You have razor-sharp teeth.
You have supernaturally acute eyesight. (SInv)
You are afflicted with vampirism and can become a bat while bloodless.


Message History

The gnoll resists with significant effort.
The ice beast hits you. The ice beast freezes you!
The gnoll completely misses you.
Unknown command.
Casting: Ensorcelled Hibernation (safe; 4% risk of failure)
Confirm with . or Enter, or press ? or * to list all spells.
Aiming: Ensorcelled Hibernation (safe; 4% risk of failure)
Press: ? - help, Shift-Dir - straight line, f/p - gnoll
Aim: a gnoll, wielding a +0 spear (chance to affect: 58%)
The gnoll looks drowsy...
The ice beast hits you but does no damage.
Unknown command.
The helpless gnoll fails to defend itself.
You impale the gnoll!!
You kill the gnoll!
The ice beast misses you.
Unknown command.
The ice beast attacks as you move away! The ice beast hits you.
The ice beast freezes you!
* * * LOW HITPOINT WARNING * * *
The gnoll closely misses you.
Unknown command.
Casting: Ensorcelled Hibernation (safe; 4% risk of failure)
Confirm with . or Enter, or press ? or * to list all spells.
Aiming: Ensorcelled Hibernation (safe; 4% risk of failure)
Press: ? - help, Shift-Dir - straight line, f - gnoll
Aim: a gnoll, wielding a +0 spear and quivering 2 throwing nets (chance to affect: 58%)
Okay, then.
You feel better. The ice beast completely misses you.
The gnoll hits you but does no damage.
Unknown command.
Casting: Ensorcelled Hibernation (safe; 4% risk of failure)
Confirm with . or Enter, or press ? or * to list all spells.
Aiming: Ensorcelled Hibernation (safe; 4% risk of failure)
Press: ? - help, Shift-Dir - straight line, f - gnoll
Aim: a gnoll, wielding a +0 spear and quivering 2 throwing nets (chance to affect: 58%)
The gnoll looks drowsy...
The ice beast hits you.
* * * LOW HITPOINT WARNING * * *
The ice beast freezes you!
You die...

##.#.#....##........
....................
#................
#......##.#....#'
######.####....#.####. .
#.......###...†#.####.
....#...#....>..........
#..#g#Y).##....#.#..).
#...∩@..###...........
#..#.#..# #.##.#.#####
#.#...#.# #.##'#......
#..... .# #.#.....####
###... .. ..#.........
#### ######.....####
#.....# #.....# ##.#+##


You could see an ice beast and a gnoll (asleep).

Vanquished Creatures
  2 black bears (D:4)
  2 centaurs (D:5)
  A phantom (D:5)
  2 hounds
  An orc priest (D:4)
  2 gnolls (D:5)
  4 adders
  A white imp (D:5)
  2 worms (D:2)
  3 dart slugs
  6 orcs
  5 bats
  8 endoplasms
  4 giant cockroaches (D:4)
  5 goblins
  2 hobgoblins
  6 jackals
  3 quokkas
  8 ball pythons
  6 frilled lizards
  4 kobolds
  2 rats
79 creatures vanquished.

Notes
Turn   | Place    | Note
-------+----------+-------------------------------------------
     0 | D:1      | protoss039 the Vampire Enchanter began the quest for the
                  | Orb.
     0 | D:1      | Reached XP level 1. HP: 13/13 MP: 3/3
   165 | D:1      | Reached XP level 2. HP: 13/20 MP: 5/5
   168 | D:1      | Learned a level 2 spell: Ensorcelled Hibernation
   503 | D:1      | Reached skill level 1 in Fighting
   801 | D:1      | Found a faded altar of an unknown god.
  1076 | D:2      | Reached skill level 5 in Stealth
  1076 | D:2      | Gained mutation: You are afflicted with vampirism and can
                  | become a bat while bloodless. [Vampire growth]
  1076 | D:2      | Reached XP level 3. HP: 22/26 MP: 1/6
  1136 | D:2      | Found Hoewnyer's Weapon Shop.
  1592 | D:2      | Reached XP level 4. HP: 32/32 MP: 7/7
  1845 | D:2      | Learned a level 3 spell: Confusing Touch
  2744 | D:4      | Noticed a black bear
  2765 | D:4      | Killed a black bear
  2766 | D:4      | Reached skill level 6 in Stealth
  2766 | D:4      | Reached skill level 5 in Hexes
  2766 | D:4      | Reached skill level 1 in Ice Magic
  2766 | D:4      | Reached XP level 5. HP: 34/34 MP: 2/8
  3154 | D:4      | Noticed a black bear
  3156 | D:4      | Killed a black bear
  3157 | D:4      | Reached XP level 6. HP: 42/46 MP: 8/10
  3608 | D:4      | Learned a level 3 spell: Tukima's Dance
  3609 | D:5      | Entered Level 5 of the Dungeon
  3780 | D:5      | Reached skill level 7 in Stealth
  3780 | D:5      | Reached XP level 7. HP: 17/52 MP: 11/11
  3784 | D:5      | Learned a level 3 spell: Dazzling Flash
  3974 | D:5      | Found a shimmering altar of Xom.
  4167 | D:5      | Found Demezuo's General Store.
  4186 | D:5      | Slain by an ice beast

Illustrated notes

Levels and vault maps discovered:
D:1:      dpeg_arrival_windows_large_door, layout_loops_corners,
          chequers_ecumenical_altar_island, minmay_misc_feat_tower
D:2:      layout_loops_corners, serial_shops, nicolae_shop_bloodbath_and_beyond
D:3:      layout_basic
D:4:      layout_loops_corners
D:5:      layout_basic, mainiacjoe_overflow_alcove_1, serial_shops,
          nicolae_shop_advertising_works [nicolae_subvault_shop_adworks],
          grunt_decor_resistance, uniq_pikel

Skill      XL: |  1  2  3  4  5  6  7 |
---------------+----------------------+-----
Fighting       | 1 2 3 |  3.2
Stealth        | 5 6 7 |  7.3
Short Blades   | 2 3 |  3.0
Hexes          | 5 |  5.7
Ice Magic      | 1 2 |  2.0
Dodging        | 3 |  3.4
Spellcasting   | 3 |  3.0
Throwing       | |  0.2
Conjurations   | |  0.2

Action                     |  1- 3 |  4- 6 |  7- 9 || total
---------------------------+-------+-------+-------++-------
  Melee: Dagger            |    73 |   132 |     5 ||   210
         Bite              |     7 |    14 |       ||    21
         Punch             |       |     1 |       ||     1
   Cast: Ensorcelled Hiber |    17 |    28 |    10 ||    55
         Confusing Touch   |       |     3 |       ||     3
Ability: Exsanguinate      |       |     1 |       ||     1
         Revivify          |       |     1 |       ||     1
    Use: Scroll            |       |     5 |       ||     5
         Potion            |       |     4 |     1 ||     5
   Stab: Sleeping          |    24 |    22 |     5 ||    51
         Invisible         |       |     2 |       ||     2
         Confused          |       |     2 |       ||     2
 Armour: Robe              |    17 |    30 |     3 ||    50
  Dodge: Dodged            |    42 |    97 |    15 ||   154

Table legend: (Time is in decaauts)
 A = Elapsed time spent in this place.
 B = Non-inter-level travel time spent in this place.
 C = Inter-level travel time spent in this place.
 D = Time resting spent in this place.
 E = Time spent auto-exploring this place.
 F = Levels seen in this place.
 G = Mean time per level.
                   A        B        C        D        E       F      G
               +--------+--------+--------+--------+--------+-----+--------+
         Total |   4165 |   4114 |     51 |    136 |   3186 |   5 |  833.0 |
       Dungeon |   4165 |   4114 |     51 |    136 |   3186 |   5 |  833.0 |
               +--------+--------+--------+--------+--------+-----+--------+

Top non-repeatable levels by time:
     D:1: 1031 daAuts
     D:4: 949 daAuts
     D:2: 809 daAuts
     D:3: 803 daAuts
     D:5: 571 daAuts
